 Dungeon Crawl Stone Soup version 0.20-a0-830-g2c9a30d (webtiles) character file.

85150 nubinia the Eclecticist (level 15, -2/83 HPs)
             Began as a Deep Elf Air Elementalist on Mar 4, 2017.
             Was a High Priest of Sif Muna.
             Killed from afar by a deep elf annihilator (35 damage)
             ... with an iron shot
             ... on level 1 of the Elven Halls on Mar 6, 2017.
             The game lasted 03:08:18 (36986 turns).

nubinia the Eclecticist (DEAE)                     Turns: 36986, Time: 03:08:19

Health: -2/83      AC: 23    Str:  6    XL:     15   Next: 37%
Magic:  35/41      EV: 25    Int: 23    God:    Sif Muna [*****.]
Gold:   1634       SH:  0    Dex: 18    Spells: 19/54 levels left

rFire    . . .     SeeInvis +   a - +3 long sword (protect)
rCold    . . .     Gourm    .   S - +2 robe {MR+}
rNeg     + . .     Faith    .   (no shield)
rPois    +         Spirit   .   D - +2 hat {SInv}
rElec    +         Reflect  .   u - +1 cloak {rPois}
rCorr    .         Harm     .   R - +1 pair of gloves {archery}
MR       ++...                  (no boots)
Stlth    +++.......             v - amulet of the Air {Inacc +Fly rElec EV+5 RMsl}
Regen    0.3/turn               H - ring of positive energy
MPRegen  0.3/turn               B - +5 ring of evasion

@: icy armour, divine energy, repel missiles, slow
A: yellow scales 2, robust 1, MP-powered wands
a: Stop Divine Energy, Channel Magic, Forget Spell, Renounce Religion, Evoke
Flight


You were on level 1 of the Elven Halls.
You worshipped Sif Muna.
Sif Muna was extremely pleased with you.
You were very hungry.

You visited 5 branches of the dungeon, and saw 20 of its levels.

You collected 2324 gold pieces.
You spent 690 gold pieces at shops.

Inventory:

Hand Weapons
 a - a +3 long sword of protection (weapon)
 b - a +0 blowgun
 n - a +1 short sword of electrocution
 y - the +12 quarterstaff "Lausoulaic" {freeze, *Corrode Int+5}
   (You found it on level 8 of the Dungeon)

   It has been specially enchanted to freeze those struck by it, causing extra
   injury to most foes and up to half again as much damage against particularly
   susceptible opponents.
   It can also slow down cold-blooded creatures.
   It affects your intelligence (+5).
   It may corrode you when you take damage.
 O - the +5 falchion "Aviunegg" {protect, Str-4 Dex+2 SInv Stlth+}
   (You bought it in a shop on level 8 of the Dungeon)

   It protects the one who uses it against injury (+AC on strike).
   It affects your strength (-4).
   It affects your dexterity (+2).
   It lets you see invisible.
   It makes you more stealthy.
Missiles
 I - 5 curare-tipped needles
 J - 109 poisoned needles
Armour
 d - a +3 troll leather armour {Snorg}
 u - a +1 cloak of poison resistance (worn)
 z - a +1 leather armour of magic resistance
 D - a +2 hat of see invisible (worn)
 G - a +2 robe of cold resistance
 R - a +1 pair of gloves of archery (worn)
 S - a +2 robe of magic resistance (worn)
Jewellery
 v - the amulet of the Air (around neck) {Inacc +Fly rElec EV+5 RMsl}
   (You found it on level 4 of the Dungeon)

   [amulet of inaccuracy]

   It reduces the accuracy of all your attacks.
   It affects your evasion (+5).
   It insulates you from electricity.
   It lets you fly.
   It protects you from missiles.
 B - a +5 ring of evasion (left hand)
 H - a ring of positive energy (right hand)
 K - an uncursed ring of magical power
Wands
 c - a wand of confusion (24/48)
 M - a wand of scattershot (2/9)
 Q - a wand of digging (2/24)
Scrolls
 m - a scroll of amnesia
 o - a scroll of fear
 t - 6 scrolls of teleportation
 x - 4 scrolls of remove curse
 F - 4 scrolls of magic mapping
Potions
 e - a potion of flight
 f - 2 potions of ambrosia
 g - a potion of berserk rage
 h - a potion of magic
 i - 2 potions of mutation
 j - a potion of curing
 k - a potion of haste
 l - 3 potions of heal wounds
 p - 2 potions of might
 A - 4 potions of agility
Books
 w - a book of Ice

   Spells                             Type                      Level
   a - Ice Form                       Ice/Transmutation            4
   b - Metabolic Englaciation         Hexes/Ice                    5
   c - Ozocubu's Refrigeration        Ice                          6
   d - Bolt of Cold                   Conjuration/Ice              6
   e - Freezing Cloud                 Conjuration/Ice/Air          6
   f - Simulacrum                     Ice/Necromancy               6
 C - a book of Geomancy

   Spells                             Type                      Level
   a - Sandblast                      Earth                        1
   b - Passwall                       Transmutation/Earth          2
   c - Stone Arrow                    Conjuration/Earth            3
   d - Petrify                        Transmutation/Earth          4
   e - Lee's Rapid Deconstruction     Earth                        5
 E - a book of the Sky

   Spells                             Type                      Level
   a - Summon Lightning Spire         Summoning/Air                4
   b - Silence                        Hexes/Air                    5
   c - Deflect Missiles               Charms/Air                   6
   d - Conjure Ball Lightning         Conjuration/Air              6
   e - Tornado                        Air                          9
 N - a book of Transfigurations

   Spells                             Type                      Level
   a - Irradiate                      Conjuration/Transmutation    5
   b - Statue Form                    Transmutation/Earth          6
   c - Hydra Form                     Transmutation                6
   d - Dragon Form                    Transmutation                7
 P - Sif Muna's Tome of Changing and Creation
   (Sif Muna gifted it to you on level 6 of the Lair of Beasts)

   Spells                             Type                      Level
   a - Call Canine Familiar           Summoning                    3
   b - Ice Form                       Ice/Transmutation            4
   c - Irradiate                      Conjuration/Transmutation    5
   d - Shadow Creatures               Summoning                    6
   e - Malign Gateway                 Summoning/Translocation      7
   f - Necromutation                  Transmutation/Necromancy     8
 W - Riemaloo's Collected Works on Enchanting Boosts
   (Sif Muna gifted it to you on level 6 of the Lair of Beasts)

   Spells                             Type                      Level
   a - Ensorcelled Hibernation        Hexes/Ice                    2
   b - Ozocubu's Armour               Charms/Ice                   3
   c - Regeneration                   Charms/Necromancy            3
   d - Portal Projectile              Hexes/Translocation          3
   e - Deflect Missiles               Charms/Air                   6
   f - Death's Door                   Charms/Necromancy            8
Miscellaneous
 L - a phial of floods
Comestibles
 s - 12 royal jellies


   Skills:
 + Level 2.1 Fighting
 + Level 0.4(2.1) Short Blades
 + Level 3.0 Long Blades
 + Level 2.3 Throwing
 + Level 2.0 Armour
 + Level 5.1 Dodging
 + Level 3.4 Stealth
 * Level 20.1 Spellcasting
 * Level 11.0 Conjurations
 + Level 9.7 Charms
 + Level 3.7 Translocations
 * Level 9.6 Ice Magic
 * Level 14.3 Air Magic
 + Level 0.2 Evocations


You had 19 spell levels left.
You knew the following spells:

 Your Spells              Type           Power        Failure   Level  Hunger
a - Shock                 Conj/Air       ####         0%          1    None
b - Airstrike             Air            ######....   1%          4    None
c - Static Discharge      Conj/Air       ######..     1%          3    None
d - Lightning Bolt        Conj/Air       ######....   1%          5    None
e - Freezing Cloud        Conj/Ice/Air   ######....   2%          6    ###....
f - Deflect Missiles      Chrm/Air       ######....   1%          6    ###....
g - Summon Lightning Spi  Summ/Air       ######..     1%          4    None
o - Ozocubu's Armour      Chrm/Ice       ######..     1%          3    None
s - Swiftness             Chrm/Air       ######..     1%          2    None
A - Apportation           Tloc           #####.       1%          1    None


Dungeon Overview and Level Annotations

Branches:
Dungeon (10/15)            Temple (1/1) D:5            Lair (6/6) D:9
 Shoals (0/4) Lair:4        Snake (0/4) Lair:4        Slime (0/5) Lair:5
    Orc (2/2) D:10            Elf (1/3) Orc:2

Altars:
Ashenzari
Cheibriados
Dithmenos
Elyvilon
Fedhas
Gozag
Hepliaklqana
Kikubaaqudgha
Makhleb
Nemelex Xobeh
Okawaru
Qazlal
Ru
Sif Muna
Trog
Uskayaw
Vehumet
Wu Jian
Xom
Yredelemnul
Zin
The Shining One
Beogh
Jiyva

Shops:
D:8 (??%   Orc:2 =%}[

Annotations:
D:6 exclusion: troll


Innate Abilities, Weirdness & Mutations

You are mostly covered in yellow scales. (AC +3)
You are robust. (+10% HP)
You expend magic power (3 MP) to strengthen your wands.


Message History

The fire elemental burns your lightning spire!
Your lightning spire completely resists.
The fire elemental misses you.
The fire elemental hits your lightning spire.
The fire elemental burns your lightning spire!
Your lightning spire completely resists.
The deep elf annihilator barely misses you.
You riposte.
You barely miss the deep elf annihilator.
The deep elf annihilator is heavily wounded.
The fire elemental hits you. The fire elemental burns you!
The heat melts your icy armour.
You closely miss the deep elf annihilator.
The deep elf annihilator is heavily wounded.
The fire elemental disappears in a puff of smoke!
The fire elemental closely misses you.
You riposte.
You miss the fire elemental.
The deep elf annihilator points at you and mumbles some strange words.
The iron shot hits you!
You die...

#..#..........#
......#.#
...#....e....##
..#.#
####.........#
..#.#
..........§.##
.##.#
.####.?#)####
#.#
####..#.#######
#..
...#..#E#......
####
##.#.§#E#.#####
....
#....8.@...#
.##.
....(.#e#.###
.#..
#######.###
.#.. #.. .#..
#.# ###. ...
#... .#. #...
... #... #...


You could see a deep elf annihilator, a deep elf mage, 2 fire elementals and a
friendly lightning spire.

Vanquished Creatures
  Rupert (Lair:4)
  Gastronok (Orc:1)
  Donald (Orc:2)
  A deep elf sorcerer (Elf:1)
  Nessos (Lair:5)
  The ghost of Vajrapani the Basher, a journeyman OgGl of Gozag (Lair:1)
  Snorg (Lair:3)
  A fire dragon (Lair:6)
  11 hydras
  A catoblepas (Lair:6)
  Erica (Lair:2)
  A death yak (Lair:5)
  2 dancing weapons (Elf:1)
  2 deep elf knights
  A fire crab (Lair:6)
  A swamp dragon (Lair:6)
  An unseen horror (D:10)
  2 deep elf archers (Elf:1)
  6 orc knights
  The ghost of nubinia the Thaumaturge, a novice SpEE of Okawaru (D:9)
  An orc sorcerer (Elf:1)
  8 deep elf magi
  A cyclops (Orc:2)
  2 manticores
  13 elephants
  8 black mambas
  17 spiny frogs
  5 rime drakes
  3 torpor snails
  3 trolls
  6 komodo dragons
  12 polar bears
  4 merfolk (Lair:4)
  12 blink frogs
  Grinder (D:4)
  2 raiju (Lair:6)
  7 hippogriffs
  An air elemental (Elf:1)
  32 yaks
  2 wyverns
  Eustachio (D:6)
  3 steam dragons (Lair:6)
  2 basilisks
  Menkaure (D:6)
  16 wargs
  19 water moccasins
  2 acid dragons (Lair:6)
  15 hell hounds (Lair:6)
  14 porcupines
  2 ice beasts
  44 orc warriors
  2 sky beasts (D:8)
  A swamp drake (Lair:6)
  2 phantoms
  2 necrophages
  An eye of draining (D:10)
  2 centaurs
  14 black bears
  18 ogres
  25 wolves
  16 crocodiles
  Blork the orc (D:4)
  5 big kobolds
  11 bullfrogs
  A gnoll sergeant (D:10)
  A scorpion (D:9)
  A killer bee (D:6)
  A wight (D:9)
  An electric eel (Lair:4)
  2 howler monkeys (D:8)
  4 crimson imps
  A centaur zombie (D:5)
  20 orc priests
  3 centaur skeletons
  Crazy Yiuf (D:6)
  6 hounds
  3 jellies
  A bullfrog skeleton (D:10)
  5 iguanas
  Ijyb (D:3)
  36 orc wizards
  7 worker ants
  2 hound skeletons
  14 gnolls
  20 adders
  2 shadow imps
  2 oozes
  2 adder zombies
  2 worms (D:2)
  7 dart slugs
  4 leopard geckos
  116 orcs
  2 ball pythons
  6 bats
  9 giant cockroaches
  5 goblins
  7 hobgoblins
  4 jackals (D:6)
  5 frilled lizards
  14 kobolds
  8 rats
  4 fungi
  2 plants
729 creatures vanquished.

Vanquished Creatures (collateral kills)
  2 orc knights (Orc:2)
  3 deep elf magi (Elf:1)
  A warg (Orc:2)
  13 orc warriors (Orc:2)
  An ogre (Orc:2)
  An orc priest (Orc:2)
  10 orcs (Orc:2)
31 creatures vanquished.

Vanquished Creatures (others)
  A deep elf knight (Elf:1)
  An air elemental (Elf:1)
  A bullfrog (Lair:5)
  An iguana (Lair:6)
  A bush (Lair:5)
  73 fungi
  43 plants
121 creatures vanquished.

Grand Total: 881 creatures vanquished

Notes
Turn   | Place    | Note
-------+----------+-------------------------------------------
     0 | D:1      | nubinia the Deep Elf Air Elementalist began the quest for the Orb.
     0 | D:1      | Reached XP level 1. HP: 10/10 MP: 6/6
   246 | D:1      | Reached XP level 2. HP: 9/15 MP: 8/8
   447 | D:1      | Learned a level 2 spell: Swiftness
   845 | D:1      | Reached XP level 3. HP: 19/19 MP: 7/9
  1516 | D:2      | Found a glowing silver altar of Zin.
  1665 | D:2      | Reached XP level 4. HP: 24/24 MP: 2/11
  1742 | D:2      | Learned a level 3 spell: Static Discharge
  2360 | D:2      | Reached skill level 4 in Spellcasting
  2418 | D:3      | Noticed Ijyb
  2423 | D:3      | Killed Ijyb
  2744 | D:3      | Reached XP level 5. HP: 28/28 MP: 10/13
  2768 | D:3      | Learned a level 4 spell: Airstrike
  2937 | D:3      | Found a sparkling altar of Nemelex Xobeh.
  3704 | D:4      | Noticed Blork the orc
  3711 | D:4      | Killed Blork the orc
  3711 | D:4      | Reached skill level 5 in Spellcasting
  3711 | D:4      | Reached XP level 6. HP: 32/32 MP: 2/15
  4063 | D:4      | Noticed Grinder
  4217 | D:5      | Entered Level 5 of the Dungeon
  4265 | D:5      | Found a basalt altar of Yredelemnul.
  4271 | D:5      | Found an ancient bone altar of Kikubaaqudgha.
  4281 | D:5      | Found a basalt altar of Yredelemnul.
  4398 | D:5      | Found a staircase to the Ecumenical Temple.
  4448 | Temple   | Entered the Ecumenical Temple
  4512 | Temple   | Became a worshipper of Sif Muna the Loreminder
  4926 | D:5      | Reached skill level 1 in Charms
  4926 | D:5      | Reached skill level 5 in Air Magic
  5050 | D:6      | Noticed Menkaure
  5060 | D:6      | Noticed an ice beast
  5060 | D:6      | Noticed an ice beast
  5141 | D:5      | Killed an ice beast
  5141 | D:5      | Reached skill level 6 in Spellcasting
  5141 | D:5      | Reached XP level 7. HP: 27/36 MP: 2/18
  5613 | D:6      | Found a shimmering altar of Xom.
  5613 | D:6      | Noticed a troll
  5677 | D:6      | Reached * piety under Sif Muna
  5838 | D:6      | Reached skill level 7 in Spellcasting
  5838 | D:6      | Reached skill level 5 in Conjurations
  5838 | D:6      | Reached XP level 8. HP: 41/41 MP: 13/20
  6196 | D:6      | Killed Menkaure
  6344 | D:6      | Reached skill level 8 in Spellcasting
  6636 | D:6      | Reached ** piety under Sif Muna
  6914 | D:6      | Found a shimmering altar of Xom.
  7184 | D:6      | Learned a level 5 spell: Lightning Bolt
  7185 | D:6      | Noticed Eustachio
  7190 | D:6      | Killed Eustachio
  7190 | D:6      | Reached skill level 9 in Spellcasting
  7190 | D:6      | Reached skill level 5 in Charms
  7393 | D:6      | Found a runed door.
  7397 | D:6      | Noticed Crazy Yiuf
  7401 | D:6      | Killed Crazy Yiuf
  7651 | D:7      | Found a sparkling altar of Nemelex Xobeh.
  8075 | D:7      | Noticed a hippogriff
  8086 | D:7      | Killed a hippogriff
  8086 | D:7      | Reached XP level 9. HP: 46/46 MP: 16/24
  8465 | D:8      | Reached skill level 10 in Spellcasting
  8609 | D:8      | Found Guriyts's Food Emporium.
  8841 | D:8      | Found a hide-covered altar of Uskayaw.
  8859 | D:8      | Got a slimy quarterstaff
  8913 | D:8      | Identified the +12 quarterstaff "Lausoulaic" {freeze, *Corrode Int+5} (You found it on level 8 of the Dungeon)
  9045 | D:8      | Reached *** piety under Sif Muna
  9149 | D:8      | Found an opulent altar of Gozag.
  9293 | D:8      | Reached skill level 11 in Spellcasting
  9808 | D:4      | Killed Grinder
  9976 | D:8      | Found Yjiastre's Magic Scroll Shop.
  9983 | D:8      | Bought 3 scrolls of identify for 90 gold pieces
 10101 | D:8      | Found Kyez's Magic Scroll Shoppe.
 10142 | D:8      | Found Alibaig's Antique Weapon Shoppe.
 10181 | D:8      | Bought a jewelled falchion for 168 gold pieces
 10181 | D:8      | Identified the +5 falchion "Aviunegg" {protect, Str-4 Dex+2 SInv Stlth+} (You bought it in a shop on level 8 of the Dungeon)
 10680 | D:8      | Reached **** piety under Sif Muna
 10784 | D:8      | Reached skill level 12 in Spellcasting
 10784 | D:8      | Reached XP level 10. HP: 51/51 MP: 15/28
 11121 | D:8      | Found a roughly hewn altar of Beogh.
 11198 | D:9      | Found a staircase to the Lair.
 11327 | D:9      | Noticed nubinia's ghost (novice SpEE)
 11591 | D:9      | Found a deep blue altar of Sif Muna.
 11612 | D:9      | Identified Sif Muna's Handbook of Context
 12059 | D:9      | Identified Gageg's Handbook of the Creative Compass
 12063 | D:9      | Learned a level 1 spell: Apportation
 12121 | D:9      | Killed nubinia's ghost
 12134 | D:9      | Reached ***** piety under Sif Muna
 12134 | D:9      | Reached skill level 13 in Spellcasting
 12164 | D:9      | Identified Sif Muna's Grimoire of Lightness (Sif Muna gifted it to you on level 9 of the Dungeon)
 12164 | D:9      | Received a gift from Sif Muna
 12751 | D:9      | Found a stormy altar of Qazlal.
 12776 | D:9      | Reached skill level 1 in Translocations
 13033 | Lair:1   | Entered Level 1 of the Lair of Beasts
 13191 | Lair:1   | Noticed a four-headed hydra
 13250 | Lair:1   | Killed a four-headed hydra
 13417 | Lair:1   | Noticed a torpor snail
 13442 | Lair:1   | Reached XP level 11. HP: 55/55 MP: 30/30
 13509 | Lair:1   | Found a snail-covered altar of Cheibriados.
 13527 | Lair:1   | Reached skill level 14 in Spellcasting
 13749 | Lair:2   | Reached skill level 1 in Throwing
 14370 | Lair:1   | Noticed Vajrapani's ghost (journeyman OgGl)
 14401 | Lair:1   | Killed Vajrapani's ghost
 15166 | Lair:1   | Reached skill level 15 in Spellcasting
 15501 | Lair:2   | Identified a scroll of acquirement
 15558 | Lair:2   | Reached skill level 1 in Long Blades
 15600 | Lair:2   | Reached skill level 1 in Fighting
 15799 | Lair:2   | Noticed Erica
 15817 | Lair:2   | Identified Sif Muna's Handbook of Dusty Snow (Sif Muna gifted it to you on level 2 of the Lair of Beasts)
 15817 | Lair:2   | Received a gift from Sif Muna
 16338 | Lair:2   | Reached XP level 12. HP: 20/60 MP: 17/33
 16825 | Lair:2   | Killed Erica
 16910 | Lair:2   | Reached skill level 16 in Spellcasting
 16910 | Lair:2   | Reached skill level 10 in Air Magic
 17545 | Lair:3   | Learned a level 6 spell: Freezing Cloud
 17562 | Lair:3   | Reached skill level 1 in Ice Magic
 17969 | Lair:3   | Noticed Snorg
 17982 | Lair:3   | Killed Snorg
 17982 | Lair:3   | Reached skill level 5 in Ice Magic
 19236 | Lair:4   | Reached skill level 1 in Armour
 19304 | Lair:4   | Received a gift from Sif Muna
 19358 | Lair:4   | Found a staircase to the Shoals.
 19900 | Lair:4   | Found a staircase to the Snake Pit.
 20751 | Lair:4   | Noticed Rupert
 20806 | Lair:4   | Paralysed by Rupert for 6 turns
 20825 | Lair:4   | Killed Rupert
 20825 | Lair:4   | Reached XP level 13. HP: 32/65 MP: 29/35
 20975 | Lair:4   | Upgraded the game from 0.20-a0-820-g557356e to 0.20-a0-823-gdec668e
 21238 | Lair:5   | Noticed Nessos
 21254 | Lair:5   | Killed Nessos
 21419 | Lair:5   | Reached skill level 17 in Spellcasting
 21692 | Lair:5   | Found a viscous altar of Jiyva.
 21692 | Lair:5   | Found a staircase to the Slime Pits.
 22378 | Lair:6   | Entered Level 6 of the Lair of Beasts
 22604 | Lair:6   | Identified Sif Muna's Tome of Changing and Creation (Sif Muna gifted it to you on level 6 of the Lair of Beasts)
 22604 | Lair:6   | Received a gift from Sif Muna
 22950 | Lair:6   | Got a pitted leather armour
 22953 | Lair:6   | Identified the +0 leather armour of Boiling Hail {*Corrode rElec rC+} (You found it on level 6 of the Lair of Beasts)
 23702 | Lair:6   | Reached skill level 18 in Spellcasting
 23923 | Lair:6   | Reached skill level 10 in Conjurations
 24944 | Lair:6   | Reached XP level 14. HP: 70/70 MP: 10/38
 25362 | Lair:6   | Identified Riemaloo's Collected Works on Enchanting Boosts (Sif Muna gifted it to you on level 6 of the Lair of Beasts)
 25362 | Lair:6   | Received a gift from Sif Muna
 25426 | Lair:6   | Learned a level 3 spell: Ozocubu's Armour
 25433 | Lair:6   | Learned a level 6 spell: Deflect Missiles
 25900 | Lair:6   | Upgraded the game from 0.20-a0-823-gdec668e to 0.20-a0-830-g2c9a30d
 27587 | Lair:6   | Reached skill level 19 in Spellcasting
 27803 | Lair:6   | Gained mutation: You expend magic power (3 MP) to strengthen your wands. [potion of mutation]
 27803 | Lair:6   | Gained mutation: You are robust. (+10% HP) [potion of mutation]
 27803 | Lair:6   | Gained mutation: You are partially covered in yellow scales. (AC +2) [potion of mutation]
 27803 | Lair:6   | Gained mutation: You are mostly covered in yellow scales. (AC +3) [potion of mutation]
 28460 | D:10     | Entered Level 10 of the Dungeon
 28873 | D:10     | Received a gift from Sif Muna
 29468 | D:10     | Found a staircase to the Orcish Mines.
 29845 | Orc:1    | Entered Level 1 of the Orcish Mines
 30466 | Orc:1    | Found a roughly hewn altar of Beogh.
 30606 | Orc:1    | Noticed Gastronok
 30627 | Orc:1    | Killed Gastronok
 30960 | Orc:2    | Entered Level 2 of the Orcish Mines
 31288 | Orc:2    | Noticed Donald
 31620 | Orc:2    | Found a staircase to the Elven Halls.
 32886 | Orc:2    | Received a gift from Sif Muna
 32886 | Orc:2    | Reached XP level 15. HP: 82/83 MP: 17/40
 32893 | Orc:2    | Learned a level 4 spell: Summon Lightning Spire
 33601 | Orc:2    | Found a roughly hewn altar of Beogh.
 33735 | Orc:2    | Found Maeseif's Antique Armour Shop.
 33735 | Orc:2    | Found Vevvapru's Gadget Emporium.
 33844 | Orc:2    | Found Virghasay's Food Shop.
 33844 | Orc:2    | Found Jifips's Jewellery Emporium.
 33861 | Orc:2    | Bought an uncursed ring of positive energy for 340 gold pieces
 34630 | Orc:2    | Bought a glowing robe for 92 gold pieces
 34751 | Orc:2    | Killed Donald
 35025 | Elf:1    | Entered Level 1 of the Elven Halls
 35053 | Elf:1    | Noticed a deep elf sorcerer
 35053 | Elf:1    | HP: 3/83 [halberd of freezing (5)]
 36093 | Elf:1    | Killed a deep elf sorcerer
 36190 | Elf:1    | Reached skill level 20 in Spellcasting
 36435 | Elf:1    | Reached skill level 5 in Dodging
 36986 | Elf:1    | Killed from afar by a deep elf annihilator

Vault maps used:
D:1:      eino_arrival_water_star
D:2:      zin_statuary
D:3:      nemelex_xobeh_ov_fountains_minmay, uniq_iyjb
D:4:      hangedman_decor_opposing, uniq_grinder, uniq_blork_the_orc
D:5:      nicolae_overflow_hidden_temple, minmay_temple_entry_purple_smoke,
          basic_altar, first_bread
D:6:      st_stairs_14, hangedman_feature_mirror, uniq_menkaure, uniq_eustachio,
          uniq_crazy_yiuf_cottage
D:7:      minmay_blocky_corners, basic_altar, grunt_ogre_cave
D:8:      eat_drink_and_be_merry_uskayaw, grunt_gozag_statues, special_room,
          serial_shops, nicolae_shop_stone, nicolae_shop_waterfront,
          shop_statue, shop_statue
D:9:      nicolae_qazlal_style_of_elements, due_lair_maze_entry_diamond,
          led_sif_book
D:10:     kennysheep_orc_monster_closet_entryway
Temple:   bh_familiar_temple
Lair:1:   kennysheep_snail_temple
Lair:2:   uniq_erica
Lair:3:   uniq_snorg
Lair:4:   elwin_shoals_entry_stream, minmay_snake_entry_six_corridors,
          infiniplex_staircase_pool, uniq_rupert
Lair:5:   slime_altar_1, grunt_forest_stairs_basic, grunt_megastairs_1,
          uniq_nessos
Lair:6:   guppyfry_lair_end_dragon, hangedman_lair_caniforms_friends
Orc:1:    nicolae_orc_accident_2, uniq_gastronok
Orc:2:    st_orc_town, uniq_donald
Elf:1:    eino_elf_arrival_the_gate, serial_glass, glass_columns_a,
          glass_columns_a, glass_columns_b, glass_columns_a, glass_columns_c,
          glass_columns_c, item_on_display_a, item_on_display_b,
          evilmike_minifort

Skill      XL: |  1  2  3  4  5  6  7  8  9 10 11 12 13 14 15 |
---------------+----------------------------------------------+-----
Air Magic      | 4 5 6 7 8 9 10 12 13 14 | 14.3
Spellcasting   | 4 5 6 7 9 12 13 15 16 18 19 20 | 20.1
Conjurations   | 2 3 4 5 6 7 8 9 10 11 | 11.0
Charms         | 2 3 5 7 8 9 |  9.7
Stealth        | 3 |  3.4
Dodging        | 3 4 5 |  5.1
Translocations | 1 3 |  3.7
Throwing       | 1 2 |  2.3
Long Blades    | 1 2 3 |  3.0
Fighting       | 1 2 |  2.1
Ice Magic      | 7 8 9 |  9.6
Armour         | 1 2 |  2.0
Short Blades   | |  0.4
Evocations     | |  0.2

Action                   |  1- 3 |  4- 6 |  7- 9 | 10-12 | 13-15 || total
-------------------------+-------+-------+-------+-------+-------++-------
Melee: Short sword       |     7 |       |    11 |       |       ||    18
       Hand axe          |     1 |     2 |       |       |       ||     3
       Rapier            |       |       |    27 |       |       ||    27
       Quarterstaff      |       |       |     9 |       |       ||     9
       Long sword        |       |       |       |    91 |   536 ||   627
 Fire: Blowgun           |       |       |       |    87 |       ||    87
 Cast: Shock             |    86 |   143 |   218 |   235 |   114 ||   796
       Static Discharge  |       |     4 |    34 |   158 |   265 ||   461
       Airstrike         |       |     1 |    61 |   228 |   544 ||   834
       Swiftness         |       |     1 |     1 |     1 |     4 ||     7
       Lightning Bolt    |       |       |       |     1 |    11 ||    12
       Ozocubu's Armour  |       |       |       |       |    28 ||    28
       Freezing Cloud    |       |       |       |       |     6 ||     6
       Deflect Missiles  |       |       |       |       |     1 ||     1
       Summon Lightning  |       |       |       |       |    28 ||    28
Invok: Divine Energy     |       |       |     1 |       |       ||     1
Evoke: Wand              |       |       |       |     1 |     5 ||     6
       Phial of floods   |       |       |       |     1 |     1 ||     2
  Use: Potion            |     1 |       |     3 |     4 |     2 ||    10
       Scroll            |       |    10 |    12 |     5 |     9 ||    36
 Stab: Sleeping          |     2 |       |       |     3 |     2 ||     7
       Distracted        |       |       |       |       |     8 ||     8
  Eat: Chunk             |     2 |    10 |    18 |    28 |    46 ||   104
       Royal jelly       |       |       |     1 |     1 |     3 ||     5
Armor: Robe              |     2 |     2 |     3 |    41 |    38 ||    86
       Leather armour    |       |     2 |       |       |    71 ||    73
       Troll leather arm |       |       |       |    17 |   106 ||   123
Dodge: Dodged            |    10 |    12 |    54 |   304 |  1061 ||  1441
       Deflected         |       |       |     3 |     1 |    26 ||    30
Block: Shield            |       |       |       |       |     3 ||     3
       Rpst.: Long sword |       |       |       |    79 |   273 ||   352
